 Dungeon Crawl Stone Soup version 0.29.1-13-g9f3cf754e1 (webtiles) character file.

Game seed: 6640829019918996585

29673 Peloso the Fencer (level 13, -11/119 HPs)
             Began as a Minotaur Fighter on Jan 24, 2023.
             Was a High Priest of Okawaru.
             Mangled by Rupert
             ... wielding a +5 great mace of holy wrath
              (27 damage)
             ... on level 12 of the Dungeon.
             The game lasted 00:40:17 (22041 turns).

Peloso the Fencer (Minotaur Fighter)               Turns: 22041, Time: 00:40:17

Health: -11/119    AC: 20    Str: 29    XL:     13   Next: 16%
Magic:  13/13      EV: 10    Int:  5    God:    Okawaru [*****.]
Gold:   923        SH:  6    Dex: 13    Spells: 12/12 levels left

rFire   + . .      SeeInvis .   a - +5 falchion
rCold   + . .      Faith    .   d - +0 buckler
rNeg    + . .      Spirit   .   E - +0 plate armour
rPois   +          Reflect  .   W - -2 hat of the Alchemist {rElec rPois rF+ rC+ rN+ Will+ rMut rCorr}
rElec   +          Harm     .   e - +2 cloak
rCorr   +          Rampage  .   (no gloves)
rMut    +                       o - +1 pair of boots
Will    +....                   (no amulet)
Stlth   ..........              q - +6 ring of strength
HPRegen 0.29/turn               (no ring)
MPRegen 0.13/turn

@: mighty, on berserk cooldown, slowed, very slow
A: horns 2, retaliatory headbutt
a: Renounce Religion, Heroism, Finesse, Duel


You were on level 12 of the Dungeon.
You worshipped Okawaru.
Okawaru was extremely pleased with you.
You visited 3 branches of the dungeon, and saw 17 of its levels.
You also visited: Sewer and Bailey.

You collected 1043 gold pieces.
You spent 120 gold pieces at shops.

Inventory:

Hand Weapons
 a - a +5 falchion (weapon)
 b - a +5 falchion
 c - a +2 hand axe of flaming
Armour
 d - a +0 buckler (worn)
 e - a +2 cloak (worn)
 o - a +1 pair of boots (worn)
 E - a +0 plate armour (worn)
 U - a +2 scale mail of fire resistance
 W - the -2 hat of the Alchemist (worn) {rElec rPois rF+ rC+ rN+ Will+ rMut rCorr}
   (You found it on level 7 of the Dungeon)

   rF:        It protects you from fire.
   rC:        It protects you from cold.
   rElec:     It insulates you from electricity.
   rPois:     It protects you from poison.
   rN:        It protects you from negative energy.
   rCorr:     It protects you from acid and corrosion.
   rMut:      It protects you from mutation.
   Will:      It increases your willpower.
Jewellery
 i - a ring of see invisible
 q - a +6 ring of strength (left hand)
 B - a +6 ring of intelligence
 C - an amulet of magic regeneration
 R - a +4 ring of evasion
 T - an amulet of guardian spirit
Wands
 k - a wand of roots (27)
 s - a wand of paralysis (2)
 I - a wand of flame (19)
 O - a wand of mindburst (7)
Scrolls
 f - 2 scrolls of immolation
 g - 8 scrolls of teleportation
 j - 2 scrolls of amnesia
 l - 2 scrolls of blinking
 r - a scroll of brand weapon
 v - 6 scrolls of fear
 x - 2 scrolls of noise
 y - a scroll of silence
 z - 2 scrolls of enchant armour
 F - a scroll of magic mapping
 J - a scroll of poison
 K - 8 scrolls of identify
 L - 2 scrolls of butterflies
 M - a scroll of acquirement
 Q - a scroll of enchant weapon
Potions
 h - 3 potions of magic
 m - 5 potions of might
 n - 2 potions of flight
 p - 5 potions of brilliance
 t - 5 potions of haste
 u - 5 potions of curing
 w - a potion of heal wounds
 A - 2 potions of mutation
 G - 2 potions of cancellation
 H - a potion of berserk rage
 P - a potion of ambrosia
 S - a potion of invisibility
Miscellaneous
 D - a box of beasts


   Skills:
 + Level 12.3 Fighting
 + Level 15.6 Long Blades
 + Level 14.6 Armour
 + Level 4.9 Dodging
 + Level 1.7 Stealth
 + Level 10.6 Shields
 + Level 2.4 Invocations
 + Level 0.4 Evocations


You had 12 spell levels left.
You didn't know any spells.
Your spell library contained the following spells:

 Spells                   Type           Power      Damage    Failure   Level
 Freeze                   Ice            0%         1d3       98%         1
 Conjure Flame            Conj/Fire      0%         6-21      100%        3
 Dazzling Flash           Conj/Hex       0%         N/A       100%        3
 Frozen Ramparts          Ice            0%         1d1       100%        3
 Ignite Poison            Fire/Tmut/Pois 0%         N/A       100%        3
 Hailstorm                Conj/Ice       0%         3d3       100%        4
 Ice Form                 Ice/Tmut       0%         N/A       100%        4
 Iskenderun's Mystic Bla  Conj/Tloc      0%         2d3       100%        4
 Sticky Flame             Conj/Fire      0%         2d3       100%        4
 Starburst                Conj/Fire      0%         6d3       100%        6
 Summon Ice Beast         Ice/Summ       Unusable   N/A       N/A         4

Dungeon Overview and Level Annotations

Branches:
Dungeon (12/15)            Temple (1/1) D:6            Lair (4/5) D:8
 Shoals (0/4) Lair:3        Snake (0/4) Lair:2        Sewer (visited)
 Bailey (visited)
  Slime: Lair:4-5       Orc: D:9-12

Altars:
Ashenzari
Cheibriados
Dithmenos
Elyvilon
Fedhas
Gozag
Hepliaklqana
Kikubaaqudgha
Makhleb
Nemelex Xobeh
Okawaru
Qazlal
Ru
Sif Muna
Trog
Uskayaw
Vehumet
Wu Jian
Xom
Yredelemnul
Zin
The Shining One

Shops:
D:7 ??   D:11 [

Annotations:
D:9 1 runed translucent door, tykejmi's ghost, novice DrEE
D:12 Rupert


Innate Abilities, Weirdness & Mutations

You have a pair of horns on your head.
You reflexively headbutt those who attack you in melee.


Message History

The wraith hits you. The wraith drains your vigour!
You feel as though you will be slow longer.
Rupert yells loudly at you.
You are confused.
The wraith attacks as you move away! The wraith hits you.
The wraith drains your vigour!
You feel as though you will be slow longer.
You bump into the rock wall.
You feel a strong urge to attack something.
The wraith hits you. The wraith drains your vigour!
You feel as though you will be slow longer.
Rupert hits you with a +5 great mace of holy wrath!
You bump into the rock wall.
You are no longer berserk.
You are exhausted.
You feel as though you will be slow longer.
Rupert hits you but does no damage. The wraith hits you but does no damage.
You hit Rupert. Your headbutt misses Rupert.
Rupert is almost dead.
The wraith hits you.
Rupert roars madly and goes into a rage!
Rupert goes berserk!
You're too confused to move!
You feel less confused.
Rupert hits you with a +5 great mace of holy wrath.
The wraith hits you but does no damage.
Rupert hits you with a +5 great mace of holy wrath!!
The wraith closely misses you. You furiously retaliate!
You headbutt the wraith!
You feel very mighty all of a sudden. Rupert closely misses you.
Rupert hits you with a +5 great mace of holy wrath!!
* * * LOW HITPOINT WARNING * * *
The wraith closely misses you. You block Rupert's attack.
You feel much better.
Rupert hits you with a +5 great mace of holy wrath!!
* * * LOW HITPOINT WARNING * * *
The wraith hits you but does no damage.
Rupert hits you with a +5 great mace of holy wrath!!
You die...

## ######..###
###.@@......#
#...W<.......
................
.##.............
##............
#............
#............
##...........
#..$........


You could see Rupert (berserk) and a wraith.

Vanquished Creatures
  Josephine (Lair:4)
  2 two-headed ogres
  A centaur warrior (D:10)
  Nergalle (Lair:1)
  Urug (Lair:4)
  The ghost of Quickbrownfox the Chopper, a novice DsIE of Ru (D:7)
  Pikel (D:4)
  A mana viper (shapeshifter) (D:10)
  3 manticores (D:11)
  3 elephants (Lair:3)
  A cyclops (D:11)
  A black mamba (Lair:2)
  A gargoyle (D:11)
  4 cane toads
  2 molten gargoyles (Lair:3)
  A kobold demonologist (D:10)
  An unseen horror (D:10)
  6 komodo dragons
  2 trolls
  2 hornets
  Prince Ribbit (D:5)
  6 blink frogs (Lair:3)
  2 wyverns
  A shadow (D:10)
  7 spriggans (Bailey)
  4 wraiths (Lair:3)
  39 yaks
  A vampire (D:11)
  3 basilisks
  A steam dragon (Bailey)
  Menkaure (D:5)
  2 vampire mosquitoes (D:11)
  2 nagas (Lair:2)
  8 water moccasins
  A black bear (D:4)
  Pargi (Sewer)
  2 orc warriors
  4 ice beasts (D:7)
  4 wolves (Lair:1)
  7 ogres
  8 centaurs
  3 lemures (D:4)
  2 kobold brigands
  8 bullfrogs
  A gnoll sergeant (D:4)
  5 scorpions
  8 wights
  22 killer bees
  An electric eel (D:8)
  6 howler monkeys
  5 lava snakes (Lair:3)
  4 hounds
  5 jellies
  3 orc priests
  4 iguanas
  7 orc wizards
  A killer bee simulacrum (D:7)
  A mummy (D:5)
  9 gnolls (D:4)
  A river rat (D:4)
  12 adders
  A shadow imp (D:7)
  5 white imps
  A howler monkey simulacrum (D:7)
  A worm (D:5)
  3 dart slugs (D:2)
  43 orcs
  12 bats
  A bat zombie (D:8)
  8 endoplasms
  7 giant cockroaches
  9 goblins
  5 hobgoblins
  2 jackals (D:1)
  18 kobolds
  8 quokkas
  6 ball pythons
  3 frilled lizards
  9 rats
  A rat zombie (D:8)
  A spectral goblin (D:1)
393 creatures vanquished.

Vanquished Creatures (others)
  A water moccasin (Lair:3)
  6 fungi
  51 plants
58 creatures vanquished.

Grand Total: 451 creatures vanquished

Notes
Turn   | Place    | Note
-------+----------+-------------------------------------------
     0 | D:1      | Peloso the Minotaur Fighter began the quest for the Orb.
     0 | D:1      | Reached XP level 1. HP: 19/19 MP: 0/0
   303 | D:1      | Found a faded altar of an unknown god.
   325 | D:1      | Reached XP level 2. HP: 26/27 MP: 1/1
  1406 | D:2      | Reached XP level 3. HP: 29/33 MP: 2/2
  1802 | D:2      | Reached skill level 3 in Long Blades
  1986 | D:2      | Reached XP level 4. HP: 40/40 MP: 3/3
  2700 | D:3      | Reached XP level 5. HP: 43/47 MP: 4/4
  2766 | D:3      | Reached skill level 5 in Armour
  3164 | D:3      | Reached skill level 4 in Long Blades
  3514 | D:4      | Found a glowing drain.
  3586 | Sewer    | Entered a sewer
  3597 | Sewer    | Reached skill level 1 in Dodging
  3606 | Sewer    | Reached XP level 6. HP: 51/53 MP: 5/5
  3628 | Sewer    | Noticed Pargi
  3638 | Sewer    | Killed Pargi
  3639 | Sewer    | Reached skill level 5 in Long Blades
  3639 | Sewer    | Reached skill level 5 in Shields
  4105 | D:4      | Reached skill level 6 in Long Blades
  4105 | D:4      | Reached XP level 7. HP: 54/60 MP: 6/6
  4174 | D:4      | Reached skill level 5 in Fighting
  4496 | D:4      | Noticed Pikel
  4521 | D:4      | Killed Pikel
  4522 | D:4      | Reached skill level 7 in Long Blades
  4522 | D:4      | Reached XP level 8. HP: 41/70 MP: 7/7
  5047 | D:5      | Entered Level 5 of the Dungeon
  5066 | D:5      | Reached skill level 8 in Long Blades
  5282 | D:5      | Noticed Prince Ribbit
  5307 | D:5      | Killed Prince Ribbit
  5434 | D:5      | Noticed Menkaure
  5440 | D:5      | Killed Menkaure
  5441 | D:5      | Reached skill level 9 in Long Blades
  5769 | D:5      | Reached XP level 9. HP: 74/75 MP: 8/8
  6234 | D:5      | Found a snail-covered altar of Cheibriados.
  6587 | D:6      | Reached skill level 10 in Long Blades
  6609 | D:6      | Found a staircase to the Ecumenical Temple.
  6624 | Temple   | Entered the Ecumenical Temple
  6861 | D:6      | Found an opulent altar of Gozag.
  6943 | D:6      | Paralysed by a hornet for 1 turns
  7318 | D:7      | Found a flagged portal.
  7359 | Bailey   | Entered a bailey
  7538 | Bailey   | Reached skill level 11 in Long Blades
  7771 | Bailey   | Noticed a two-headed ogre
  7785 | Bailey   | Killed a two-headed ogre
  7787 | Bailey   | Reached XP level 10. HP: 34/86 MP: 9/9
  8104 | Bailey   | Reached skill level 12 in Long Blades
  8313 | Bailey   | Identified the +7 dagger "Peloso's Bane" {drain, rPois rF+
                  | Int+4}
  8508 | D:7      | Found Fonaomorch's Magic Scroll Boutique.
  8696 | D:7      | Found Geick's Magic Scroll Shoppe.
  8703 | D:7      | Bought a scroll of magic mapping for 120 gold pieces
  8855 | D:7      | Found a runed translucent gate.
  8856 | D:7      | Found a runed translucent gate.
  8857 | D:7      | Found a runed translucent gate.
  8877 | D:7      | Noticed Quickbrownfox's ghost (novice DsIE)
  8886 | D:7      | Reached skill level 10 in Armour
  8901 | D:7      | Found the -2 hat of the Alchemist {rElec rPois rF+ rC+ rN+
                  | Will+ rMut rCorr}
  9164 | D:8      | Found an ancient bone altar of Kikubaaqudgha.
  9230 | D:8      | Found a staircase to the Lair.
  9273 | D:8      | Found a radiant altar of Vehumet.
  9569 | D:8      | Noticed a two-headed ogre
  9582 | D:8      | Killed a two-headed ogre
  9837 | D:8      | Found a blossoming altar of Fedhas.
  9909 | D:8      | Found an iron altar of Okawaru.
  9970 | D:8      | Reached skill level 1 in Stealth
  9988 | D:8      | Became a worshipper of Warmaster Okawaru
 10642 | D:9      | Reached skill level 13 in Long Blades
 11101 | D:9      | Reached * piety under Okawaru
 11102 | D:9      | Reached XP level 11. HP: 50/95 MP: 10/10
 11503 | D:9      | Noticed tykejmi's ghost (novice DrEE)
 11504 | D:9      | Found a runed translucent door.
 11613 | D:9      | Reached ** piety under Okawaru
 11716 | D:9      | Reached skill level 14 in Long Blades
 12093 | D:9      | Found a white marble altar of Elyvilon.
 12293 | D:9      | Found a shimmering altar of Xom.
 12375 | D:10     | Entered Level 10 of the Dungeon
 12379 | D:10     | Reached *** piety under Okawaru
 12604 | D:10     | Identified a scroll of acquirement
 12780 | D:10     | Reached skill level 10 in Fighting
 12920 | D:10     | Noticed a sun demon
 13941 | D:10     | Found a shadowy altar of Dithmenos.
 14069 | D:10     | Noticed a centaur warrior
 14076 | D:10     | Noticed a mana viper
 14079 | D:10     | Killed a centaur warrior
 14089 | D:10     | Killed a mana viper
 14089 | D:10     | Reached **** piety under Okawaru
 14302 | D:11     | Found Geshran's Antique Armour Boutique.
 14482 | D:11     | Reached skill level 1 in Invocations
 14482 | D:11     | Reached XP level 12. HP: 71/108 MP: 8/11
 15693 | Lair:1   | Entered Level 1 of the Lair of Beasts
 15763 | Lair:1   | Reached ***** piety under Okawaru
 15775 | Lair:1   | Reached skill level 15 in Long Blades
 15920 | Lair:1   | Noticed Nergalle
 15936 | Lair:1   | Killed Nergalle
 17682 | Lair:2   | Found a staircase to the Snake Pit.
 18309 | Lair:3   | Received a gift from Okawaru
 18848 | Lair:3   | Reached skill level 10 in Shields
 19196 | Lair:3   | Found a staircase to the Shoals.
 20022 | Lair:4   | Noticed Josephine
 20587 | Lair:4   | Killed Josephine
 20588 | Lair:4   | Reached XP level 13. HP: 91/116 MP: 11/13
 20857 | Lair:4   | Noticed Urug
 21095 | Lair:4   | Killed Urug
 21480 | D:12     | Noticed Rupert
 21643 | D:7      | Killed Quickbrownfox's ghost
 21677 | D:7      | Got the ring of the Sturgeon {Fire +Blink rCorr Str-4
                  | Slay+5}
 22041 | D:12     | Mangled by Rupert

Illustrated notes

Levels and vault maps discovered:
D:1:      dpeg_arrival_arbitrary_a, layout_basic,
          dreamdust_ecumenical_altar_drowned_temple, wad_woods_river_04
D:2:      minmay_diamond_boxcup, layout_rooms, serial_corexii_hall,
          corexii_hall_statues_x, corexii_hall_statues_u, minivault_14
D:3:      layout_loops_corners
D:4:      layout_loops_ring, gup_sewer_entry_bubbles, minmay_quantized,
          uniq_pikel
D:5:      layout_loops_corners, chei_slow_surprise, serial_bayou,
          serial_bayou_lake_a, serial_bayou_lagoon_b, serial_bayou_ford_a,
          serial_bayou_pond_c, serial_bayou_pond_c, chequers_mini_garden,
          uniq_menkaure, uniq_prince_ribbit1
D:6:      layout_gridville, mainiacjoe_overflow_paths,
          minmay_temple_entry_steel_oval
D:7:      layout_cave_pools, serial_shops, shop, nicolae_stop_n_shop_1,
          enter_bailey_2, gammafunk_ghost_icy
D:8:      layout_loops_ring, lemuel_zombie_altar_kikubaaqudgha,
          mainiacjoe_overflow_alcove_2, mainiacjoe_overflow_catwalk,
          mainiacjoe_overflow_cross_hatched, lair_entry_dummy, minmay_holes,
          fountainhead
D:9:      layout_irregular_city, lemuel_round_altar,
          nicolae_elyvilon_peaceful_grove, hellmonk_ghost_happy_afterlife
D:10:     layout_stronghold, grunt_dithmenos_shadows, kennysheep_generic_room_11
D:11:     layout_loops_ring, serial_shops, nicolae_stop_n_shop_2
D:12:     layout_cave_pods, david_orc_4, uniq_rupert
Temple:   nicolae_temple_ecumenical_triangle
Lair:1:   layout_gridlike, nicolae_lair_lil_pond, minivault_27,
          chequers_serial_rivers_micro_c, chequers_serial_rivers_large_a,
          st_stairs_10, serial_bayou_shore_a, serial_bayou_shore_b,
          uniq_nergalle
Lair:2:   layout_cellular_growth, minmay_snake_entry_guardpost_small
Lair:3:   cheibrodos_magma_flow, layout_small_grid, minmay_shoals_entry_centaurs
Lair:4:   layout_cave_pods, uniq_urug, uniq_josephine

Skill      XL: |  1  2  3  4  5  6  7  8  9 10 11 12 |
---------------+-------------------------------------+-----
Shields        | 4 5 6 7 8 10 | 10.6
Armour         | 4 5 6 7 9 11 12 14 | 14.6
Fighting       | 4 5 6 7 8 10 12 | 12.3
Long Blades    | 3 4 6 7 9 11 13 14 15 | 15.6
Dodging        | 1 2 3 4 |  4.9
Stealth        | 1 |  1.7
Invocations    | 1 2 |  2.4
Evocations     | |  0.4

Action                   |  1- 3 |  4- 6 |  7- 9 | 10-12 | 13-15 || total
-------------------------+-------+-------+-------+-------+-------++-------
Melee: Long sword        |   125 |   127 |   283 |   175 |       ||   710
       Headbutt          |    26 |    22 |    43 |   214 |    25 ||   330
       Falchion          |       |       |       |   745 |   120 ||   865
Invok: Heroism           |       |       |       |    19 |     3 ||    22
Evoke: Wand              |       |       |     1 |     4 |       ||     5
  Use: Scroll            |       |    13 |     7 |     6 |       ||    26
       Potion            |       |     2 |     2 |     5 |     3 ||    12
Armor: Scale mail        |    49 |    89 |    55 |       |       ||   193
       Plate armour      |       |       |    52 |   497 |    52 ||   601
Dodge: Dodged            |    46 |    85 |   113 |   329 |    47 ||   620
Block: Buckler           |    23 |    44 |    68 |   269 |    27 ||   431
